[Event "Titled Tuesday Blitz November 14 Early 2023"]
[White "Kovalevsky, Stanislav"]
[Black "Ruge, Edison"]
[WhiteFideId "13508598"]
[BlackFideId "4401000"]
[WhiteElo "2484"]
[BlackElo "2308"]
[Result "0-1"]
[Round "4"]
[TimeControl "180+1"]
[Date "2023.11.14"]
[WhiteClock "0:00:03"]
[BlackClock "0:00:26"]
[Board "178"]

1. e4 e5 2. Nf3 Nc6 3. Bb5 f5 4. exf5 e4 5. Bxc6 dxc6 6. Qe2 Qe7 7. Nd4 Qe5 8. c3 Nf6 9. d3 c5 10. Nf3 Qxf5 11. dxe4 Qxe4 12. Qxe4+ Nxe4 13. O-O Nf6 14. Re1+ Kf7 15. Bf4 Bd6 16. Bxd6 cxd6 17. Na3 Bg4 18. Ng5+ Kg6 19. Ne4 d5 20. Nxc5 Rhe8 21. f3 Bf5 22. Nb5 b6 23. Na6 Bd3 24. Nac7 Rxe1+ 25. Rxe1 Rc8 26. Re7 Ng8 27. Re6+ Nf6 28. a4 a6 29. Nxd5 axb5 30. Ne7+ Kf7 31. Rxf6+ Kxe7 32. Rxb6 bxa4 33. Rb7+ Kf6 34. Kf2 Bf5 35. g4 Be6 36. Rb4 Ra8 37. h4 h6 38. Ke3 a3 39. bxa3 Rxa3 40. Kd4 Ra1 41. Rc4 Bxc4 42. Kxc4 0-1


[Site "https://www.chess.com"]

[Event "Titled Tuesday Blitz November 14 Early 2023"]
[White "Spichkin, Alexander"]
[Black "Spalir, Jernej"]
[WhiteFideId "4144074"]
[BlackFideId "14606518"]
[WhiteElo "2302"]
[BlackElo "2477"]
[Result "1-0"]
[Round "4"]
[TimeControl "180+1"]
[Date "2023.11.14"]
[WhiteClock "0:02:28"]
[BlackClock "0:01:52"]
[Board "179"]

1. f4 Nf6 2. Nf3 d5 3. e3 c5 4. b3 e6 5. Bb2 Be7 6. Bd3 Nc6 7. O-O O-O 8. Ne5 Qc7 9. Rf3 Nb4 10. Be2 Nd7 11. Rh3 f6 12. Nxd7 Bxd7 13. a3 Nc6 14. Bd3 g6 15. Rxh7 f5 16. Rg7+ 1-0


[Site "https://www.chess.com"]

[Event "Titled Tuesday Blitz November 14 Early 2023"]
[White "Cardozo Munar, Carlos Eduardo"]
[Black "Grochal, Joey"]
[WhiteFideId "4409477"]
[BlackFideId "1019945"]
[WhiteElo "2276"]
[BlackElo "2474"]
[Result "0-1"]
[Round "4"]
[TimeControl "180+1"]
[Date "2023.11.14"]
[WhiteClock "0:00:00"]
[BlackClock "0:00:40"]
[Board "180"]

1. d4 Nf6 2. Bg5 Ne4 3. h4 c5 4. d5 g6 5. Nd2 Nxd2 6. Qxd2 h6 7. Bf4 Bg7 8. c3 d6 9. e4 Nd7 10. Nf3 Nf6 11. Rd1 Nxe4 12. Qc2 Nf6 13. Bd3 Bg4 14. Qa4+ Bd7 15. Qc2 Qc7 16. a4 Nxd5 17. Bd2 Bc6 18. O-O Qd7 19. b3 Qg4 20. Be4 Nf4 21. Bxf4 Qxf4 22. Bxc6+ bxc6 23. Rfe1 d5 24. Qe2 Qd6 25. c4 e6 26. cxd5 cxd5 27. Qb5+ Kf8 28. Rc1 Rc8 29. Qb7 Qc7 30. Qa6 Kg8 31. Ne5 Bxe5 32. Rxe5 Kg7 33. Rce1 c4 34. bxc4 dxc4 35. R5e4 c3 36. Qd3 Rhd8 37. Qc2 Rd2 38. Qc1 Qc5 39. R4e2 Rcd8 40. Rxd2 cxd2 41. Qxc5 dxe1=Q+ 42. Kh2 Qd2 43. Qxa7 Qd6+ 44. g3 Qd4 45. Qc7 Qxf2+ 46. Kh3 Qf5+ 47. Kh2 Rd2+ 48. Kg1 Qb1+ 0-1


[Site "https://www.chess.com"]

[Event "Titled Tuesday Blitz November 14 Early 2023"]
[White "alfianasybullina"]
[Black "Omariev, Maksim"]
[BlackFideId "4193423"]
[WhiteElo "2271"]
[BlackElo "2472"]
[Result "0-1"]
[Round "4"]
[TimeControl "180+1"]
[Date "2023.11.14"]
[WhiteClock "0:00:10"]
[BlackClock "0:00:18"]
[Board "181"]

1. d4 h5 2. Nf3 h4 3. h3 e6 4. e4 d5 5. e5 c5 6. c3 Nc6 7. Bd3 Qb6 8. a3 Bd7 9. b4 cxd4 10. O-O dxc3 11. Nxc3 Be7 12. b5 Nd4 13. Na4 Nxf3+ 14. gxf3 Qc7 15. Be3 Nh6 16. f4 Nf5 17. Rc1 Qa5 18. Bd2 Qd8 19. Nc5 b6 20. Na6 O-O 21. a4 Rc8 22. Bb4 Rxc1 23. Qxc1 Bc8 24. Bxf5 exf5 25. Rd1 Bxa6 26. Bxe7 Qxe7 27. bxa6 Rd8 28. Qc2 g6 29. Qd3 Qb4 30. Qd4 Qxd4 31. Rxd4 Kf8 32. Kg2 Ke7 33. Kf3 Ke6 34. Ke3 Rc8 35. Rd3 Rc4 36. Ra3 Re4+ 37. Kf3 Re1 38. a5 Rh1 39. Kg2 Rb1 40. axb6 Rxb6 41. Kf3 d4 42. Ke2 Kd5 43. Kd3 Rb5 44. f3 Kc5 45. Ra4 Rb3+ 46. Ke2 Re3+ 47. Kf2 Rb3 48. Ke2 Rb4 49. Ra5+ Kc4 50. Kd2 Rb2+ 51. Kc1 Rh2 52. e6 fxe6 53. Re5 Rxh3 54. Rxe6 Rxf3 0-1


[Site "https://www.chess.com"]

[Event "Titled Tuesday Blitz November 14 Early 2023"]
[White "Quirke, Jeffrey"]
[Black "Manukyan, Sargis V."]
[WhiteFideId "2013029"]
[BlackFideId "13303465"]
[WhiteElo "2265"]
[BlackElo "2471"]
[Result "0-1"]
[Round "4"]
[TimeControl "180+1"]
[Date "2023.11.14"]
[WhiteClock "0:00:06"]
[BlackClock "0:01:29"]
[Board "182"]

1. e4 e6 2. Nf3 d5 3. e5 c5 4. b4 cxb4 5. d4 Nc6 6. a3 bxa3 7. c3 Nh6 8. Bd3 Bd7 9. O-O f6 10. Nxa3 Nf7 11. exf6 gxf6 12. Re1 a6 13. c4 dxc4 14. Bxc4 Qe7 15. Nb5 O-O-O 16. Bf4 e5 17. Qb3 Qb4 18. Bxf7 Qxb3 19. Bxb3 exf4 20. Nc3 Bb4 21. Rec1 Kb8 22. Ne4 Bg4 23. Nxf6 Bxf3 24. gxf3 Nxd4 25. Kf1 Nxb3 0-1


[Site "https://www.chess.com"]

[Event "Titled Tuesday Blitz November 14 Early 2023"]
[White "Ramla2020"]
[Black "Witty_Alien"]
[WhiteElo "2469"]
[BlackElo "2258"]
[Result "0-1"]
[Round "4"]
[TimeControl "180+1"]
[Date "2023.11.14"]
[WhiteClock "0:00:06"]
[BlackClock "0:00:39"]
[Board "183"]

1. c4 b5 2. cxb5 a6 3. b6 Nf6 4. g3 Bb7 5. Nf3 h5 6. h3 h4 7. g4 Nc6 8. Bg2 Nd4 9. e3 Ne6 10. bxc7 Qxc7 11. d4 Nxg4 12. hxg4 h3 13. Rxh3 Rxh3 14. Bxh3 Bxf3 15. Qxf3 Qxc1+ 16. Qd1 Qxb2 17. Nd2 Rc8 18. Bf1 Rc2 19. Nc4 Qc3+ 20. Nd2 Rxd2 21. Qxd2 Qxa1+ 22. Ke2 Nd8 23. Bg2 e6 24. d5 Qe5 25. f4 Qd6 26. Be4 exd5 27. Bxd5 Nc6 28. Qd3 Be7 29. Kf3 Nb4 30. Qh7 Qxd5+ 31. e4 Qd3+ 32. Kg2 Qe2+ 33. Kg3 Nd3 34. Qxg7 Qf2+ 0-1


[Site "https://www.chess.com"]

[Event "Titled Tuesday Blitz November 14 Early 2023"]
[White "LiadCuba"]
[Black "Berezin, Viktor"]
[BlackFideId "14107872"]
[WhiteElo "2436"]
[BlackElo "2466"]
[Result "0-1"]
[Round "4"]
[TimeControl "180+1"]
[Date "2023.11.14"]
[WhiteClock "0:00:00"]
[BlackClock "0:00:39"]
[Board "184"]

1. d4 Nf6 2. c4 g6 3. Nc3 Bg7 4. e4 O-O 5. Be2 d6 6. Be3 c6 7. h4 h5 8. f3 a6 9. g4 b5 10. gxh5 Nxh5 11. f4 Ng3 12. Rh2 Nxe2 13. Qxe2 e5 14. dxe5 dxe5 15. f5 b4 16. Na4 gxf5 17. Rg2 f4 18. Bf2 Be6 19. b3 f5 20. Nc5 Bc8 21. h5 Kh7 22. Nf3 fxe4 23. Ng5+ Kh8 24. Nge6 f3 25. Nxd8 fxe2 26. Nde6 Rf7 27. Kxe2 Nd7 28. Rag1 Nxc5 29. Nxg7 Nd3 30. Be3 Nf4+ 31. Bxf4 exf4 32. Ne8 f3+ 33. Ke3 fxg2 34. Rxg2 Bh3 35. Rg3 Rf3+ 36. Rxf3 exf3 37. Nf6 Rf8 38. Ne4 Kh7 39. Kf2 Kh6 40. Kg3 Bg2 41. Nf2 Kxh5 0-1


[Site "https://www.chess.com"]

[Event "Titled Tuesday Blitz November 14 Early 2023"]
[White "Aash20"]
[Black "Estevez Polanco, Leonardo Rafael"]
[BlackFideId "6402798"]
[WhiteElo "2465"]
[BlackElo "2236"]
[Result "1-0"]
[Round "4"]
[TimeControl "180+1"]
[Date "2023.11.14"]
[WhiteClock "0:02:21"]
[BlackClock "0:02:26"]
[Board "185"]

1. e4 e5 2. Nf3 Nc6 3. Bc4 Nf6 4. Nc3 Be7 5. d3 O-O 6. O-O d6 7. h3 Na5 8. Bb5 c6 9. Ba4 b5 10. Bb3 a6 11. Be3 Nxb3 12. axb3 h6 13. Nh2 Be6 14. f4 exf4 15. Bxf4 d5 16. exd5 Nxd5 17. Nxd5 Bxd5 18. Qg4 f5 19. Qg3 Bh4 20. Qe3 Kh7 21. Nf3 Bf6 22. Ne5 Qe8 23. Rae1 Ra7 24. Qxa7 1-0


[Site "https://www.chess.com"]

[Event "Titled Tuesday Blitz November 14 Early 2023"]
[White "Valy02chess"]
[Black "Akylbekov, Nasyr"]
[BlackFideId "13800353"]
[WhiteElo "2213"]
[BlackElo "2463"]
[Result "1-0"]
[Round "4"]
[TimeControl "180+1"]
[Date "2023.11.14"]
[WhiteClock "0:00:04"]
[BlackClock "0:00:22"]
[Board "186"]

1. e4 e5 2. Nf3 f6 3. d4 d6 4. Bc4 Qe7 5. O-O Be6 6. Qe2 Nd7 7. Nc3 c6 8. Bxe6 Qxe6 9. d5 Qf7 10. dxc6 bxc6 11. Qa6 Nb6 12. Be3 Qc7 13. a4 Ne7 14. a5 Nd7 15. Rfd1 Nc8 16. Qc4 Be7 17. Nd5 Qb7 18. Nxe7 Kxe7 19. Nh4 g6 20. b4 Qb5 21. Qc3 Rb8 22. Rab1 a6 23. Nf3 g5 24. Nd2 Nf8 25. Nc4 Ne6 26. Nb6 Rd8 27. Qb3 Nxb6 28. Bxb6 c5 29. Bxd8+ Rxd8 30. bxc5 Qxc5 31. Qb7+ Rd7 32. Qxa6 Nd4 33. Qb6 Qxc2 34. a6 Ne2+ 35. Kh1 Nc3 36. Rbc1 Qa4 37. Ra1 Qxe4 38. Re1 Qa8 39. a7 Nd5 40. Qb8 Nc7 41. Qxa8 Nxa8 42. Reb1 Rxa7 43. Rxa7+ Ke6 44. Rxa8 f5 45. Rh8 f4 46. Rxh7 g4 47. Rh4 f3 48. Rxg4 fxg2+ 49. Kxg2 1-0


[Site "https://www.chess.com"]

[Event "Titled Tuesday Blitz November 14 Early 2023"]
[White "Mishra, Manoj"]
[Black "lagunanivaria"]
[WhiteFideId "5006007"]
[WhiteElo "2202"]
[BlackElo "2462"]
[Result "0-1"]
[Round "4"]
[TimeControl "180+1"]
[Date "2023.11.14"]
[WhiteClock "0:00:00"]
[BlackClock "0:00:12"]
[Board "187"]

1. d4 d5 2. c4 e6 3. Nc3 Bb4 4. Nf3 Nf6 5. Bf4 O-O 6. e3 Bxc3+ 7. bxc3 c5 8. Bd3 b6 9. O-O Bb7 10. Bg5 Nbd7 11. Ne5 Rc8 12. Nxd7 Qxd7 13. Bxf6 gxf6 14. Bxh7+ Kxh7 15. Qh5+ Kg7 16. Qg4+ Kh6 17. Qh4+ Kg6 18. f4 Rg8 19. Rf3 Kg7 20. Rg3+ Kf8 21. Qxf6 Rxg3 22. hxg3 cxd4 23. cxd4 Qd8 24. Qh8+ Ke7 25. Qh4+ Kd7 26. Qh7 Qf6 27. c5 bxc5 28. Rb1 Bc6 29. dxc5 Qg6 30. Qh4 Qxb1+ 0-1


[Site "https://www.chess.com"]

[Event "Titled Tuesday Blitz November 14 Early 2023"]
[White "Hartikainen, Jarmo"]
[Black "Devaev, Alexander"]
[WhiteFideId "503134"]
[BlackFideId "4169395"]
[WhiteElo "2162"]
[BlackElo "2456"]
[Result "0-1"]
[Round "4"]
[TimeControl "180+1"]
[Date "2023.11.14"]
[WhiteClock "0:00:10"]
[BlackClock "0:01:51"]
[Board "188"]

1. e4 c6 2. d4 d5 3. Nc3 dxe4 4. Nxe4 Bf5 5. Ng3 Bg6 6. h4 h6 7. Bc4 e6 8. N1e2 Bd6 9. Nf4 Bxf4 10. Bxf4 Nf6 11. h5 Bh7 12. c3 Nbd7 13. Bd3 Bxd3 14. Qxd3 O-O 15. O-O-O a5 16. f3 b5 17. Ne4 Nxe4 18. fxe4 b4 19. c4 a4 20. g4 a3 21. b3 Qe7 22. c5 e5 23. Be3 Rfd8 24. g5 exd4 25. Qxd4 Ne5 26. Qa1 Nd3+ 27. Rxd3 Rxd3 28. gxh6 Rc3+ 29. Kd1 Qxe4 30. Bd2 Qxh1+ 0-1


[Site "https://www.chess.com"]

[Event "Titled Tuesday Blitz November 14 Early 2023"]
[White "UNSTOPPABLE_LEGEND"]
[Black "missponyo10"]
[WhiteElo "2456"]
[BlackElo "2151"]
[Result "1-0"]
[Round "4"]
[TimeControl "180+1"]
[Date "2023.11.14"]
[WhiteClock "0:00:04"]
[BlackClock "0:00:49"]
[Board "189"]

1. Nf3 d5 2. c4 c6 3. g3 Nf6 4. Bg2 e6 5. O-O dxc4 6. Qc2 b5 7. a4 Ba6 8. axb5 Bxb5 9. Nc3 Ba6 10. Ne5 Qc7 11. Nxc6 Bb7 12. Nxb8 Qxb8 13. Qa4+ Nd7 14. Qxc4 Bxg2 15. Kxg2 Be7 16. Qa4 Qb7+ 17. Qe4 Qxe4+ 18. Nxe4 O-O 19. d3 Nf6 20. Nxf6+ Bxf6 21. Be3 a5 22. Ra2 Rfb8 23. Rb1 a4 24. d4 Rb4 25. Rd1 Rab8 26. Rd2 Bd8 27. Kf3 Ba5 28. Rc2 h6 29. Kg2 Bb6 30. Rd2 Rd8 31. Ra3 Ba7 32. Rad3 Rdb8 33. Ra3 Rd8 34. Kf3 Bxd4 35. Bxd4 e5 36. Bc3 e4+ 37. Ke3 1-0


[Site "https://www.chess.com"]

[Event "Titled Tuesday Blitz November 14 Early 2023"]
[White "Suduvasachmatai"]
[Black "Estrada Nieto, Julian"]
[BlackFideId "5101018"]
[WhiteElo "2146"]
[BlackElo "2447"]
[Result "1-0"]
[Round "4"]
[TimeControl "180+1"]
[Date "2023.11.14"]
[WhiteClock "0:00:11"]
[BlackClock "0:00:00"]
[Board "190"]

1. e4 e5 2. Nf3 Nc6 3. c3 Nf6 4. d4 Nxe4 5. d5 Ne7 6. Nxe5 Ng6 7. Nxg6 hxg6 8. Bd3 Nf6 9. O-O Be7 10. Re1 O-O 11. Bg5 d6 12. Nd2 Nxd5 13. Bxe7 Nxe7 14. Qf3 c6 15. Ne4 Nd5 16. Rad1 Qh4 17. h3 Rd8 18. Nxd6 Rxd6 19. Re8+ Kh7 20. Qxf7 Nf4 21. Qg8+ Kh6 22. Qh8+ Kg5 23. Qxh4+ Kxh4 24. g3+ Kxh3 25. Bf1+ Kg4 26. Rxd6 Nd5 27. Rxg6+ Kf5 28. Rxg7 b5 29. Rgg8 Nb6 30. Bh3+ Kf6 31. Bxc8 Nd5 32. Bb7 Rxe8 33. Rxe8 Ne7 34. Ra8 c5 35. Rxa7 c4 36. Ba6 Nc6 37. Rb7 b4 38. cxb4 Ne5 39. Rb6+ Kg5 40. Rb5 Kf6 41. Rxe5 Kxe5 42. Bxc4 Kd4 43. f4 Kxc4 44. f5 Kd5 45. b5 Ke5 46. b6 Kd6 47. f6 Ke6 48. b7 Kxf6 49. b8=Q Kg5 50. Qf4+ 1-0


[Site "https://www.chess.com"]

[Event "Titled Tuesday Blitz November 14 Early 2023"]
[White "DonCiao"]
[Black "Kashtanov, Ruslan"]
[BlackFideId "4124871"]
[WhiteElo "2130"]
[BlackElo "2446"]
[Result "0-1"]
[Round "4"]
[TimeControl "180+1"]
[Date "2023.11.14"]
[WhiteClock "0:00:00"]
[BlackClock "0:00:57"]
[Board "191"]

1. c4 c6 2. g3 d5 3. Nf3 Nf6 4. Bg2 Bf5 5. Qb3 Qb6 6. Qxb6 axb6 7. cxd5 cxd5 8. d3 e6 9. O-O h6 10. Nc3 Nc6 11. Nb5 Kd7 12. Be3 Bc5 13. Nfd4 Bg6 14. a3 Ng4 15. Nxc6 bxc6 16. Bxc5 bxc5 17. Nc3 Rhb8 18. Rab1 c4 19. Rfd1 cxd3 20. e4 Ne5 21. f4 Nc4 22. f5 Bh5 23. Rxd3 Nxb2 24. Rxb2 Rxb2 25. exd5 exd5 26. Nxd5 cxd5 27. Rxd5+ Ke7 28. f6+ gxf6 29. Rxh5 Rxa3 30. Rf5 Raa2 31. Bf1 Rxh2 32. Rf3 Rhc2 33. Re3+ Kf8 34. Rf3 Kg7 35. Re3 Ra1 0-1


[Site "https://www.chess.com"]

[Event "Titled Tuesday Blitz November 14 Early 2023"]
[White "Mikhalsky, Vladimir"]
[Black "Ghosh, Chanchal Kumer"]
[WhiteFideId "14144352"]
[BlackFideId "10201858"]
[WhiteElo "2446"]
[BlackElo "2125"]
[Result "1-0"]
[Round "4"]
[TimeControl "180+1"]
[Date "2023.11.14"]
[WhiteClock "0:00:54"]
[BlackClock "0:00:00"]
[Board "192"]

1. c4 e5 2. Nc3 Bc5 3. g3 Nc6 4. Bg2 a6 5. e3 Ba7 6. Nge2 d6 7. O-O Nge7 8. Rb1 O-O 9. b4 Bg4 10. h3 Be6 11. Nd5 Kh8 12. Nec3 f5 13. f4 Bxd5 14. Nxd5 Nxd5 15. Bxd5 Rb8 16. Kh2 Qf6 17. Rg1 Ne7 18. Bf3 Qf7 19. Qc2 Ng6 20. Bb2 c5 21. Bd5 Qe7 22. b5 axb5 23. cxb5 Bb6 24. g4 fxg4 25. f5 Qh4 26. Rxg4 Qf2+ 27. Rg2 Qxf5 28. Be4 Qh5 29. Bxg6 hxg6 30. Qxg6 Qxg6 31. Rxg6 Rf2+ 32. Rg2 Rbf8 33. Bc3 Rxg2+ 34. Kxg2 Rf5 35. Rf1 Rg5+ 36. Kf3 d5 37. e4 d4 38. Bb2 c4 39. Rc1 1-0


[Site "https://www.chess.com"]

[Event "Titled Tuesday Blitz November 14 Early 2023"]
[White "Politov, Pavel Y."]
[Black "szachmistrz2500"]
[WhiteFideId "24110515"]
[WhiteElo "2095"]
[BlackElo "2442"]
[Result "1-0"]
[Round "4"]
[TimeControl "180+1"]
[Date "2023.11.14"]
[WhiteClock "0:00:15"]
[BlackClock "0:00:52"]
[Board "193"]

1. d4 d5 2. c4 c6 3. Nc3 Nf6 4. Nf3 dxc4 5. a4 Bf5 6. e3 e6 7. Bxc4 Bb4 8. O-O O-O 9. Bd2 a5 10. Re1 Nbd7 11. Ne2 h6 12. Ng3 Bh7 13. Bxb4 axb4 14. Qb3 Qc7 15. Qxb4 Nd5 16. Qb3 Rfd8 17. Rec1 Qa5 18. Bxd5 exd5 19. Qxb7 Rab8 20. Qxc6 Rxb2 21. Qc7 Qxc7 22. Rxc7 Bd3 23. h3 Nb6 24. Ne5 Bc4 25. Rxf7 Ra8 26. Nf5 Rxa4 27. Rxa4 Nxa4 28. Rxg7+ Kf8 29. Rf7+ Ke8 30. Nd6+ Kd8 31. Rd7# 1-0


[Site "https://www.chess.com"]

[Event "Titled Tuesday Blitz November 14 Early 2023"]
[White "Remolar Gallen, Jose"]
[Black "Sailer, Mike"]
[WhiteFideId "2215187"]
[BlackFideId "2012901"]
[WhiteElo "2440"]
[BlackElo "2092"]
[Result "1-0"]
[Round "4"]
[TimeControl "180+1"]
[Date "2023.11.14"]
[WhiteClock "0:01:45"]
[BlackClock "0:00:27"]
[Board "194"]

1. d4 d5 2. c4 Bf5 3. Nc3 e6 4. Qb3 Nc6 5. cxd5 exd5 6. Bf4 Bb4 7. e3 Nf6 8. Nf3 O-O 9. Bb5 Bxc3+ 10. Qxc3 Ne4 11. Qc1 Qe7 12. O-O g5 13. Bg3 Nxg3 14. hxg3 Nd8 15. Qc3 c6 16. Bd3 Bg6 17. Ne5 Kg7 18. Rae1 f6 19. Nxg6 hxg6 20. e4 dxe4 21. Rxe4 Qd6 22. Rfe1 Nf7 23. Re7 Rae8 24. Rxe8 Rxe8 25. Rxe8 1-0


[Site "https://www.chess.com"]

[Event "Titled Tuesday Blitz November 14 Early 2023"]
[White "Zoete, Roelant"]
[Black "Samarth J Rao"]
[WhiteFideId "40103269"]
[BlackFideId "46652370"]
[WhiteElo "2438"]
[BlackElo "2050"]
[Result "1-0"]
[Round "4"]
[TimeControl "180+1"]
[Date "2023.11.14"]
[WhiteClock "0:00:14"]
[BlackClock "0:00:00"]
[Board "195"]

1. c4 Nf6 2. g3 e5 3. Bg2 Nc6 4. Nc3 d6 5. e3 Be7 6. Nge2 O-O 7. O-O Be6 8. d4 exd4 9. exd4 Bxc4 10. Re1 Nb4 11. Nf4 c6 12. a3 Nbd5 13. Ncxd5 Nxd5 14. Nxd5 Bxd5 15. Bxd5 cxd5 16. Qh5 Bf6 17. Qxd5 Qb6 18. Be3 Qxb2 19. Reb1 Qc3 20. Rc1 Qb2 21. Ra2 Qb6 22. Rac2 Rae8 23. Rc7 Qa6 24. Qb3 b6 25. Rd7 Rd8 26. Rcc7 Rxd7 27. Rxd7 b5 28. d5 Qc8 29. Rxd6 Qc4 30. Qxc4 bxc4 31. Rc6 c3 32. Bxa7 Ra8 33. Bc5 h5 34. Bb4 Rd8 35. d6 Be5 36. f4 Bd4+ 37. Kf1 h4 38. gxh4 Be3 39. Bxc3 Bxf4 40. Bb4 Bxh2 41. a4 Kh7 42. a5 Rb8 43. Bc3 Rb1+ 44. Ke2 Rc1 45. d7 Rc2+ 46. Kd3 Rc1 47. d8=Q Rd1+ 48. Bd2 Bf4 49. Rc2 Bh6 50. a6 Rh1 51. a7 Rh3+ 52. Ke2 Rh2+ 53. Kf3 Rh3+ 54. Kg2 Ra3 55. a8=Q Rxa8 56. Qxa8 1-0


[Site "https://www.chess.com"]

[Event "Titled Tuesday Blitz November 14 Early 2023"]
[White "Balla, Tamas-Kristof"]
[Black "Castillo Pena, Patricia Evarista"]
[WhiteFideId "1208497"]
[BlackFideId "6412106"]
[WhiteElo "2436"]
[BlackElo "2012"]
[Result "0-1"]
[Round "4"]
[TimeControl "180+1"]
[Date "2023.11.14"]
[WhiteClock "0:00:05"]
[BlackClock "0:00:10"]
[Board "196"]

1. e4 c5 2. c3 d5 3. exd5 Qxd5 4. d4 Nf6 5. Nf3 Bg4 6. Be3 cxd4 7. cxd4 Nc6 8. Nc3 Qd8 9. d5 Nb8 10. Be2 Nbd7 11. O-O e6 12. dxe6 Bxe6 13. Nd4 Be7 14. Nxe6 fxe6 15. Bc4 Kf7 16. Qb3 Nb6 17. Bxe6+ Kf8 18. Rfd1 Qc7 19. Rac1 Qe5 20. Bxb6 axb6 21. Qxb6 Ra6 22. Qxb7 Rxe6 23. Nb5 Qe4 24. Rc8+ Ne8 25. Qxe4 Rxe4 26. f3 Re2 27. Rd4 g5 28. f4 Rxb2 29. fxg5 Rxb5 30. g6 hxg6 31. Rd1 Rhh5 32. h3 Rhd5 33. Rf1+ Rf5 34. Re1 Rbe5 35. Ra1 Ra5 36. Rb1 Rfb5 37. Rf1+ Rf5 38. Rb1 Kf7 39. Rc2 Nf6 40. Re1 Rfe5 41. Rf1 Rac5 42. Rb2 Rb5 43. Rc2 Rec5 44. Re2 Re5 45. Rc2 Bc5+ 46. Kh1 Bd6 47. Rcf2 Rf5 48. Rxf5 Rxf5 49. Rd1 Ke6 50. Re1+ Be5 51. a4 Rf2 52. a5 Ra2 53. Rb1 Rxa5 54. Rb6+ Bd6 55. Kg1 Kd5 56. Rb1 Bc5+ 57. Kf1 Ne4 58. Rb8 Ra2 59. Rd8+ Bd6 60. Rg8 g5 61. h4 gxh4 62. Rg4 Kd4 63. Rxh4 Bg3 64. Rh8 Ke3 65. Ra8 Rxa8 66. Kg1 Ra1# 0-1


[Site "https://www.chess.com"]

[Event "Titled Tuesday Blitz November 14 Early 2023"]
[White "Azali, Tannaz"]
[Black "Villafane Gomez, Jaime"]
[WhiteFideId "12537721"]
[BlackFideId "4426517"]
[WhiteElo "2392"]
[BlackElo "1741"]
[Result "1-0"]
[Round "4"]
[TimeControl "180+1"]
[Date "2023.11.14"]
[WhiteClock "0:02:10"]
[BlackClock "0:01:15"]
[Board "198"]

1. d4 Nf6 2. c4 e5 3. dxe5 Ng4 4. e4 Nxe5 5. Nc3 Bc5 6. f4 Nec6 7. Na4 Bxg1 8. Rxg1 Qh4+ 9. g3 Qxh2 10. Be3 d6 11. Rc1 h5 12. Rc2 Bg4 13. Qc1 1-0


[Site "https://www.chess.com"]

[Event "Titled Tuesday Blitz November 14 Early 2023"]
[White "Martin Duque, Jesus"]
[Black "Limontaite, Simona"]
[WhiteFideId "2208954"]
[BlackFideId "12802506"]
[WhiteElo "2391"]
[BlackElo "2240"]
[Result "1-0"]
[Round "4"]
[TimeControl "180+1"]
[Date "2023.11.14"]
[WhiteClock "0:01:50"]
[BlackClock "0:00:02"]
[Board "199"]

1. b3 d6 2. Bb2 Nf6 3. c4 g6 4. g3 Bg7 5. Bg2 c6 6. d4 Nbd7 7. Nf3 O-O 8. O-O Qc7 9. Nc3 e5 10. e4 Re8 11. Re1 a6 12. Rc1 h6 13. c5 dxc5 14. d5 cxd5 15. exd5 Qd6 16. Nd2 Qf8 17. Nc4 b5 18. Na5 Ra7 19. d6 e4 20. Nxe4 Nxe4 21. Bxg7 Qxg7 22. Rxe4 Rxe4 23. Bxe4 Ne5 24. Rxc5 Bg4 25. f3 Bh3 26. f4 Bg4 27. Qd2 Nf3+ 28. Bxf3 Bxf3 29. d7 Rxd7 30. Qxd7 Qa1+ 31. Kf2 Qh1 32. Rc8+ Kg7 33. Qd4+ Kh7 34. Qh8# 1-0


[Site "https://www.chess.com"]

[Event "Titled Tuesday Blitz November 14 Early 2023"]
[White "Kuchava, Ana"]
[Black "Matveeva, Olga"]
[WhiteFideId "13605348"]
[BlackFideId "24107018"]
[WhiteElo "2237"]
[BlackElo "2374"]
[Result "0-1"]
[Round "4"]
[TimeControl "180+1"]
[Date "2023.11.14"]
[WhiteClock "0:00:11"]
[BlackClock "0:00:22"]
[Board "200"]

1. d4 d5 2. Nf3 Nf6 3. c4 e6 4. Nc3 a6 5. cxd5 exd5 6. Bg5 Be6 7. e3 Be7 8. Bd3 Nbd7 9. O-O h6 10. Bh4 O-O 11. Rb1 c5 12. Qe2 c4 13. Bc2 b5 14. a3 Re8 15. Ne5 Nxe5 16. dxe5 Ng4 17. Bg3 Bh4 18. f4 Bxg3 19. hxg3 Qb6 20. Rbe1 Nxe3 21. Qxe3 Qxe3+ 22. Rxe3 d4 23. Ree1 dxc3 24. bxc3 Rad8 25. Rd1 Bg4 26. Rxd8 Rxd8 27. Rf2 Kf8 28. Kf1 Ke7 29. Ke1 g6 30. Rd2 Rxd2 31. Kxd2 Ke6 32. Ke3 Bf5 33. Bd1 Kd5 34. Bf3+ Kc5 35. g4 Bd3 36. Bb7 a5 37. Bc8 b4 38. axb4+ axb4 39. cxb4+ Kxb4 40. Kd2 Be4 41. g3 c3+ 42. Kc1 Kc4 43. f5 gxf5 44. gxf5 Kd5 45. e6 fxe6 46. fxe6 Kd6 47. Bd7 Bf5 48. Bc8 Bxe6 49. Bxe6 Kxe6 50. Kc2 Kf5 51. Kxc3 Kg4 52. Kd2 Kxg3 53. Ke1 Kg2 54. Ke2 h5 55. Ke3 h4 56. Kf4 h3 0-1


[Site "https://www.chess.com"]

[Event "Titled Tuesday Blitz November 14 Early 2023"]
[White "KatakuriDono"]
[Black "parintele_chess"]
[WhiteElo "2362"]
[BlackElo "2231"]
[Result "0-1"]
[Round "4"]
[TimeControl "180+1"]
[Date "2023.11.14"]
[WhiteClock "0:01:07"]
[BlackClock "0:01:16"]
[Board "201"]

1. d4 d5 2. c4 e6 3. Nc3 c5 4. cxd5 exd5 5. Nf3 Nc6 6. dxc5 d4 7. Ne4 Bxc5 8. Nxc5 Qa5+ 9. Bd2 Qxc5 10. Rc1 Qb6 11. Qc2 Nf6 12. e3 dxe3 13. Bxe3 Qb4+ 14. Qd2 Qxd2+ 15. Nxd2 Be6 16. Bc4 O-O 17. Bxe6 fxe6 18. O-O a6 19. Nc4 Rad8 20. Bc5 Rf7 21. Rfe1 Nd5 22. Rxe6 Nf4 23. Ree1 Nd3 24. Red1 Nxc5 25. Rxd8+ Nxd8 26. Ne5 Rc7 27. f4 Nce6 28. Rd1 Nf7 29. f5 Nxe5 30. fxe6 Kf8 31. Rd5 Nc6 32. Rf5+ Ke8 33. h4 Re7 0-1


[Site "https://www.chess.com"]

[Event "Titled Tuesday Blitz November 14 Early 2023"]
[White "Wahlund, Max"]
[Black "Bogaudinov, Rushan"]
[WhiteFideId "1741861"]
[BlackFideId "4129288"]
[WhiteElo "2137"]
[BlackElo "2343"]
[Result "1-0"]
[Round "4"]
[TimeControl "180+1"]
[Date "2023.11.14"]
[WhiteClock "0:00:29"]
[BlackClock "0:00:55"]
[Board "202"]

1. d4 Nf6 2. c4 e6 3. g3 h5 4. Bg2 h4 5. Nf3 h3 6. Bf1 d5 7. e3 c5 8. Nc3 Nc6 9. cxd5 exd5 10. Be2 Be7 11. a3 Bf5 12. dxc5 Bxc5 13. b4 Be7 14. Bb2 O-O 15. Nd4 Be4 16. f3 Bg6 17. Bd3 Bxd3 18. Qxd3 Ne5 19. Qf5 Nc4 20. Bc1 Rc8 21. Nce2 Nxa3 22. Bxa3 Re8 23. O-O g6 24. Qxh3 Bf8 25. Rac1 Rxc1 26. Rxc1 a5 27. Nf4 axb4 28. Bb2 Rxe3 29. Rc8 Qe7 30. Nde2 Nh7 31. Nxd5 Qe6 32. Qxe6 Rxe6 33. Nef4 Rc6 34. Ne7# 1-0


[Site "https://www.chess.com"]

[Event "Titled Tuesday Blitz November 14 Early 2023"]
[White "Perez Cruz, Adianet"]
[Black "patzersame"]
[WhiteFideId "3510115"]
[WhiteElo "2007"]
[BlackElo "2330"]
[Result "0-1"]
[Round "4"]
[TimeControl "180+1"]
[Date "2023.11.14"]
[WhiteClock "0:00:15"]
[BlackClock "0:00:38"]
[Board "203"]

1. d4 c5 2. c3 cxd4 3. cxd4 d5 4. Nf3 Nc6 5. Nc3 Bf5 6. Bf4 e6 7. e3 Nf6 8. Bd3 Bd6 9. Bxd6 Qxd6 10. O-O O-O 11. a3 a6 12. Rc1 Rfe8 13. b4 Rac8 14. Bxf5 exf5 15. Na4 f4 16. exf4 Qxf4 17. Nc5 Rc7 18. Nxb7 Nxd4 19. Qxd4 Qxc1 20. Nc5 Qxa3 21. h3 a5 22. Na6 Rc4 23. Qb6 axb4 24. Rd1 h6 25. Nc7 Qa4 26. Rb1 Re2 27. Qb8+ Kh7 28. Nb5 Rxf2 29. Nd6 Rcc2 30. Nxf7 Rxg2+ 31. Kh1 Qe8 32. Qf4 Qe4 33. Qxe4+ dxe4 34. N3e5 Rh2+ 35. Kg1 Rcg2+ 36. Kf1 Nh5 37. Rxb4 Ng3+ 0-1


[Site "https://www.chess.com"]